 Dungeon Crawl Stone Soup version 0.21.1-1-g345015f (webtiles) character file.

7534 Garessta the Cleaver (level 11, -3/101 HPs)
             Began as a Hill Orc Fighter on Feb 16, 2018.
             Was a Priest of Beogh.
             Slain by a troll (9 damage)
             ... on level 9 of the Dungeon.
             The game lasted 00:43:16 (9440 turns).

Garessta the Cleaver (Hill Orc Fighter)             Turns: 9440, Time: 00:43:17

Health: -3/101     AC: 14    Str: 23    XL:     11   Next: 16%
Magic:  14/14      EV:  6    Int:  8    God:    Beogh [***...]
Gold:   427        SH: 12    Dex: 10    Spells: 10/10 levels left

rFire    . . .     SeeInvis .   a - +2 war axe
rCold    . . .     Gourm    .   c - +0 shield
rNeg     . . .     Faith    .   q - +0 plate armour
rPois    .         Spirit   .   (no helmet)
rElec    .         Reflect  .   (no cloak)
rCorr    .         Harm     .   (no gloves)
MR       .....                  (no boots)
Stlth    ..........             (no amulet)
HPRegen  0.26/turn              (no ring)
MPRegen  0.14/turn              (no ring)

@: no status effects
A: no striking features
a: Smiting, Renounce Religion


You were on level 9 of the Dungeon.
You worshipped Beogh.
Beogh was most pleased with you.
You were not hungry.

You visited 1 branch of the dungeon, and saw 9 of its levels.

You collected 427 gold pieces.

Inventory:

Hand Weapons
 a - a +2 war axe (weapon)
Armour
 c - a +0 shield (worn)
 q - a +0 plate armour (worn)
Wands
 r - a wand of enslavement (10)
Scrolls
 b - a scroll of identify
 h - 5 scrolls of remove curse
Potions
 d - a potion of might
 i - 2 potions of flight
 k - 2 potions of brilliance
 l - a potion of lignification
 n - a potion of mutation
 p - 2 potions of agility
Books
 o - a book of Maledictions

   Spells                             Type                      Level
   a - Corona                         Hexes                        1
   b - Ensorcelled Hibernation        Hexes/Ice                    2
   c - Confuse                        Hexes                        3
   d - Tukima's Dance                 Hexes                        3
   e - Dazzling Spray                 Conjuration/Hexes            3
Comestibles
 f - 12 rations
 m - 2 chunks of flesh


   Skills:
 * Level 10.5 Fighting
 * Level 11.0 Axes
 * Level 9.7 Armour
 * Level 9.6 Shields
 + Level 4.3 Invocations


You had 10 spell levels left.
You didn't know any spells.

Dungeon Overview and Level Annotations

Branches:
Dungeon (9/15)             Temple (0/1) D:4
   Lair: D:8-11         Orc: D:9-12

Altars:
Xom

Annotations:
D:4 Grinder


Message History

* * * LOW HITPOINT WARNING * * *
The centaur shoots an arrow.
The arrow hits you but does no damage.
You see here 2 arrows.
The centaur shoots an arrow.
You block the arrow.
Found a war axe.
You see here an arrow.
Evoke which item? (* to show all) (? for menu, Esc to quit)
Aiming: Enslavement
Press: ? - help, Shift-Dir - straight line, f - troll
Aim: a troll (chance to defeat MR: 46%)
The troll resists with some effort.
The troll bites you but does no damage. You block the troll's attack.
The troll claws you.
* * * LOW HITPOINT WARNING * * *
Evoke which item? (* to show all) (? for menu, Esc to quit)
Aiming: Enslavement
Press: ? - help, Shift-Dir - straight line, f/p - troll
Aim: a troll (chance to defeat MR: 46%)
The troll resists with some effort.
You block the troll's attack. x2
The troll claws you!
You die...

# #######.#####
#.#..T...c....#
##.#.#####.###.#
......####§###(#
........§§§§§..#
........§§§§§§.#
........§§§§§§.#
.......§§§.§(.c#########
.......(§.§§..(T@......)
.......(........#.######
##..............#.#
#..#..............
#..#...........##..
..........#.##..# ..#
##..##.##.#.##... ...
#.. #.##.#.###.##.###
#.. ... .#


You could see a troll and a centaur.

Vanquished Creatures
  3 two-headed ogres (D:8)
  Psyche (D:8)
  The ghost of Cardtrick the Poker, a novice MfSk of Cheibriados (D:4)
  A hippogriff (D:6)
  The ghost of Wesley the Firebug, an amateur DEFE of Vehumet (D:5)
  Grum (D:9)
  A steam dragon (D:8)
  Menkaure (D:5)
  4 ice beasts
  An orc warrior (D:7)
  4 sky beasts
  A black bear (D:6)
  2 ogres
  2 wolves (D:9)
  5 centaurs
  2 big kobolds
  4 bullfrogs
  A scorpion (D:6)
  5 killer bees (D:8)
  13 wights
  3 crimson imps
  3 quasits
  2 centaur skeletons (D:6)
  6 orc priests
  6 hounds
  3 jellies
  5 iguanas
  7 orc wizards
  Terence (D:2)
  5 worker ants
  A hound zombie (D:6)
  6 hound skeletons
  A howler monkey zombie (D:6)
  A worker ant zombie (D:8)
  4 gnolls (D:5)
  8 adders
  2 oozes
  An adder zombie (D:5)
  3 adder skeletons
  3 worms
  2 dart slugs (D:1)
  2 leopard geckos
  26 orcs
  4 ball pythons
  6 giant cockroaches
  9 goblins
  7 hobgoblins
  8 jackals
  14 kobolds
  5 quokkas
  9 bats
  4 frilled lizards
  A jackal skeleton (D:7)
  11 rats
233 creatures vanquished.

Vanquished Creatures (collateral kills)
  A troll (D:9)
  A bullfrog (D:9)
  An orc wizard (D:8)
  A worker ant (D:8)
  An adder zombie (D:9)
5 creatures vanquished.

Vanquished Creatures (others)
  3 orc warriors (D:9)
  An orc priest (D:9)
  4 orc wizards
  A worker ant (D:4)
  An adder (D:3)
  2 worms
  9 orcs
  A hobgoblin (D:3)
  A frilled lizard (D:3)
23 creatures vanquished.

Grand Total: 261 creatures vanquished

Notes
Turn   | Place    | Note
-------+----------+-------------------------------------------
     0 | D:1      | Garessta the Hill Orc Fighter began the quest for the Orb.
     0 | D:1      | Reached XP level 1. HP: 19/19 MP: 1/1
    88 | D:1      | Reached XP level 2. HP: 23/27 MP: 2/2
    90 | D:1      | Reached skill level 3 in Axes
   394 | D:1      | Reached XP level 3. HP: 33/33 MP: 3/3
  1225 | D:2      | Noticed Terence
  1240 | D:2      | Killed Terence
  1240 | D:2      | Reached XP level 4. HP: 33/41 MP: 4/4
  1750 | D:3      | Reached XP level 5. HP: 44/47 MP: 5/5
  1778 | D:3      | Reached skill level 4 in Axes
  1779 | D:3      | Became a worshipper of Beogh the Brigand
  2661 | D:4      | Reached skill level 5 in Fighting
  2742 | D:4      | Found a staircase to the Ecumenical Temple.
  2750 | D:4      | Reached XP level 6. HP: 53/56 MP: 6/6
  2863 | D:4      | Noticed Cardtrick's ghost (novice MfSk)
  2887 | D:4      | Killed Cardtrick's ghost
  2887 | D:4      | Reached skill level 5 in Axes
  2887 | D:4      | Reached skill level 5 in Armour
  2887 | D:4      | Reached skill level 5 in Shields
  2887 | D:4      | Reached XP level 7. HP: 58/62 MP: 7/7
  2982 | D:4      | Found a shimmering altar of Xom.
  3576 | D:5      | Entered Level 5 of the Dungeon
  3576 | D:5      | Noticed Grinder
  3673 | D:5      | Reached skill level 6 in Axes
  3888 | D:5      | Noticed Wesley's ghost (amateur DEFE)
  3924 | D:5      | Killed Wesley's ghost
  3924 | D:5      | Reached XP level 8. HP: 50/71 MP: 8/8
  4061 | D:5      | Reached * piety under Beogh
  4275 | D:5      | Noticed Menkaure
  4469 | D:5      | Killed Menkaure
  4722 | D:5      | Reached skill level 7 in Axes
  5262 | D:6      | Reached XP level 9. HP: 64/80 MP: 9/9
  5460 | D:6      | Reached skill level 8 in Axes
  6446 | D:7      | Reached skill level 9 in Axes
  6525 | D:7      | Reached ** piety under Beogh
  6770 | D:7      | Reached skill level 1 in Invocations
  6898 | D:7      | Reached XP level 10. HP: 91/91 MP: 10/10
  7008 | D:8      | Noticed a two-headed ogre
  7303 | D:8      | Reached *** piety under Beogh
  7762 | D:8      | Noticed Psyche
  7773 | D:8      | Killed Psyche
  7773 | D:8      | Reached skill level 10 in Axes
  7790 | D:8      | Noticed a two-headed ogre
  8524 | D:8      | Noticed a two-headed ogre
  8531 | D:8      | Killed a two-headed ogre
  8927 | D:8      | Reached skill level 10 in Fighting
  9114 | D:8      | Killed a two-headed ogre
  9200 | D:8      | Killed a two-headed ogre
  9200 | D:8      | Reached XP level 11. HP: 101/101 MP: 12/14
  9340 | D:9      | Noticed Grum
  9343 | D:9      | Noticed a two-headed ogre
  9349 | D:9      | Killed Grum
  9380 | D:9      | Reached skill level 11 in Axes
  9439 | D:9      | HP: 5/101 [troll (2)]
  9440 | D:9      | Slain by a troll

Skill      XL: |  1  2  3  4  5  6  7  8  9 10 11 |
---------------+----------------------------------+-----
Axes           | 3 4 5 6 7 9 10 11 | 11.0
Fighting       | 4 5 6 7 9 10 | 10.5
Armour         | 4 5 7 8 9 |  9.7
Shields        | 4 5 6 8 9 |  9.6
Invocations    | 1 4 |  4.3

Action                   |  1- 3 |  4- 6 |  7- 9 | 10-12 || total
-------------------------+-------+-------+-------+-------++-------
Melee: War axe           |   128 |   133 |   402 |   281 ||   944
Invok: Convert to Beogh  |       |     1 |       |       ||     1
Evoke: Wand              |       |       |       |     2 ||     2
  Use: Scroll            |       |    11 |     8 |     4 ||    23
       Potion            |       |     4 |     2 |     6 ||    12
 Stab: Distracted        |       |       |       |     2 ||     2
  Eat: Chunk             |     1 |     4 |     5 |     5 ||    15
       Ration            |       |       |     3 |     1 ||     4
Armor: Scale mail        |    77 |    49 |    79 |       ||   205
       Skin              |       |     2 |       |     6 ||     8
       Plate armour      |       |       |   136 |   128 ||   264
Dodge: Dodged            |    54 |    30 |   102 |    42 ||   228
Block: Shield            |    71 |    74 |   220 |   144 ||   509
